 Dungeon Crawl Stone Soup version 0.22-a0-248-gc8378ba (webtiles) character file.

9364 galech the Grappler (level 11, -1/115 HPs)
             Began as a Troll Monk on Feb 28, 2018.
             Slain by an eight-headed hydra (16 damage)
             ... on level 10 of the Dungeon.
             The game lasted 00:14:33 (8499 turns).

galech the Grappler (Troll Monk)                    Turns: 8499, Time: 00:14:34

Health: -1/115     AC:  9    Str: 24    XL:     11   Next: 22%
Magic:  0/10       EV: 14    Int: 12    God:
Gold:   719        SH:  0    Dex: 12    Spells: 10/10 levels left

rFire    . . .     SeeInvis +     - Unarmed
rCold    + . .     Gourm    +   (no shield)
rNeg     . . .     Faith    .   K - +2 robe {rC+}
rPois    .         Spirit   +   B - +2 hat
rElec    .         Reflect  .   (no cloak)
rCorr    .         Harm     .   (gloves unavailable)
MR       ++...                  (boots unavailable)
Stlth    +.........             n - amulet of guardian spirit
HPRegen  0.69/turn              A - ring "Soweucai" {MR+ Int+6 SInv}
MPRegen  0.12/turn              J - ring of protection from magic

@: drained
A: large, unfitting armour, claws 3, fast metabolism 3, gourmand, regeneration
1, shaggy fur 1, tough skin 2
a: no special abilities


You were on level 10 of the Dungeon.
You were very full.

You visited 1 branch of the dungeon, and saw 11 of its levels.
You also visited: Sewer.

You collected 719 gold pieces.

Inventory:

Armour
 B - a +2 hat (worn)
 K - a +2 robe of cold resistance (worn)
Jewellery
 n - an amulet of guardian spirit (around neck)
 r - a cursed amulet of inaccuracy {unknown}
 u - an uncursed ring of flight
 x - an uncursed amulet of rage {unknown}
 A - the ring "Soweucai" (left claw) {MR+ Int+6 SInv}
   (You took it off an orc on level 8 of the Dungeon)

   [ring of protection from magic]

   It affects your intelligence (+6).
   It affects your resistance to hostile enchantments.
   It lets you see invisible.
 J - a ring of protection from magic (right claw)
 O - an uncursed ring of protection from cold
Wands
 w - a wand of flame (40)
 y - a wand of digging (7)
 C - a wand of enslavement (5)
 L - a wand of scattershot (5)
 M - a wand of clouds (6)
 N - a wand of iceblast (10)
Scrolls
 e - 3 scrolls of amnesia {unknown}
 h - 2 scrolls of fog {unknown}
 i - 7 scrolls of remove curse
 k - 2 scrolls of fear
 l - a scroll of identify
 o - a scroll of random uselessness
 p - a scroll of blinking
 q - 4 scrolls of teleportation
 s - a scroll of immolation
 F - a scroll of magic mapping
 H - a scroll of holy word
 P - a scroll of enchant weapon
 Q - a scroll of noise
Potions
 c - 4 potions of degeneration {unknown}
 d - 2 potions of mutation {unknown}
 f - a potion of cancellation {unknown}
 g - 3 potions of agility
 j - 4 potions of flight {unknown}
 m - 2 potions of ambrosia {unknown}
 t - 5 potions of lignification {unknown}
 v - 4 potions of heal wounds
 z - a potion of magic {unknown}
 D - 4 potions of curing {unknown}
 E - 2 potions of resistance {unknown}
 G - 2 potions of might {unknown}
 I - 2 potions of brilliance {unknown}
Comestibles
 b - 21 rations


   Skills:
 + Level 9.0(8.0) Fighting
 + Level 9.0(8.1) Dodging
 - Level 1.0(0.2) Stealth
 + Level 10.6(9.6) Unarmed Combat


You had 10 spell levels left.
You didn't know any spells.

Dungeon Overview and Level Annotations

Branches:
Dungeon (11/15)
 Temple: D:4-7         Lair: D:8-11         Orc: D:9-12

Altars:
Fedhas
Nemelex Xobeh
Qazlal
Trog
Vehumet
Wu Jian
Yredelemnul
Zin
Beogh

Shops:
D:2 *


Innate Abilities, Weirdness & Mutations

You are too large for most types of armour.
You have claws for hands.
Your metabolism is lightning-fast.
You like to eat raw meat.
Your natural rate of healing is unusually fast.
You are covered in fur. (AC +1)
You have very tough skin. (AC +2)


Message History

The seven-headed hydra bites you.
The seven-headed hydra bites you but does no damage.
The seven-headed hydra bites you. x2
The seven-headed hydra closely misses you.
You barely miss the seven-headed hydra.
The seven-headed hydra is lightly wounded.
The seven-headed hydra bites you! The seven-headed hydra bites you.
The seven-headed hydra bites you!
* * * LOW HITPOINT WARNING * * *
The seven-headed hydra barely misses you.
The seven-headed hydra bites you!
* * * LOW HITPOINT WARNING * * *
The seven-headed hydra bites you but does no damage.
The seven-headed hydra bites you.
* * * LOW HITPOINT WARNING * * *
You tear one of the seven-headed hydra's heads off!
The six-headed hydra grows two more!
You claw the eight-headed hydra!
The eight-headed hydra is lightly wounded.
The eight-headed hydra bites you!!
You die...

......###...########.....#.......
......##............##...........
....................+..)........>
...#................##...........
...#................##....###....
...'................##....# #....
..##......................# #....
...'......................###...[
.###............@D..............#
.# #....###...######......#.....#
.###....########................#
...........# #................#
....####...# #................#
...........# #................#
...........# ##................#
...........####.....#####.###.#.#
.#.........#........#####..##.#.#


You could see an eight-headed hydra.

Vanquished Creatures
  3 two-headed ogres
  Pikel (D:6)
  An ugly thing (D:10)
  Joseph (D:7)
  A gargoyle (D:10)
  The ghost of sankara the Basher, a novice HOFi (D:4)
  A centaur skeleton (D:10)
  Grinder (D:6)
  Sigmund (D:2)
  A wraith (D:11)
  A steam dragon (D:11)
  A water moccasin (D:8)
  4 orc warriors
  2 slaves (D:6)
  An ice beast (D:9)
  3 sky beasts
  5 ogres
  A necrophage (D:10)
  2 phantoms
  3 big kobolds
  Blork the orc (D:6)
  10 bullfrogs
  4 scorpions
  7 howler monkeys
  4 wights (D:9)
  6 crimson imps
  2 bullfrog zombies
  A quasit (D:8)
  2 jellies
  8 hounds
  14 orc wizards
  4 bullfrog skeletons
  6 orc priests
  Natasha (thrice) (D:2)
  3 iguanas
  2 worker ants
  2 worker ant zombies
  4 gnolls (D:7)
  8 adders
  A river rat (Sewer)
  A shadow imp (D:7)
  An adder skeleton (D:4)
  2 worms
  3 dart slugs
  6 leopard geckos
  55 orcs
  7 giant cockroaches
  9 hobgoblins
  11 jackals
  17 kobolds
  3 quokkas
  5 bats
  5 frilled lizards
  7 goblins
  6 rats
265 creatures vanquished.

Vanquished Creatures (others)
  A giant cockroach (D:6)
  A withered plant (D:9)
2 creatures vanquished.

Grand Total: 267 creatures vanquished

Notes
Turn   | Place    | Note
-------+----------+-------------------------------------------
     0 | D:1      | galech the Troll Monk began the quest for the Orb.
     0 | D:1      | Reached XP level 1. HP: 22/22 MP: 0/0
   187 | D:1      | Reached XP level 2. HP: 27/29 MP: 1/1
   225 | D:1      | Found a sparkling altar of Nemelex Xobeh.
   754 | D:2      | Noticed Natasha
   763 | D:2      | Killed Natasha
   763 | D:2      | Reached XP level 3. HP: 18/36 MP: 2/2
   805 | D:2      | Found Zin's Purification Station.
   808 | D:2      | Found a glowing silver altar of Zin.
   810 | D:2      | Noticed Natasha
   819 | D:2      | Killed Natasha
   819 | D:2      | Reached XP level 4. HP: 44/45 MP: 3/3
   877 | D:2      | Noticed Sigmund
   889 | D:2      | Killed Sigmund
   889 | D:2      | Reached skill level 4 in Unarmed Combat
   889 | D:2      | Reached XP level 5. HP: 35/53 MP: 4/4
  1004 | D:2      | Noticed Natasha
  1007 | D:2      | Reached XP level 6. HP: 62/62 MP: 5/5
  1010 | D:2      | Killed Natasha
  2079 | D:4      | Found a radiant altar of Vehumet.
  2092 | D:4      | Reached skill level 5 in Unarmed Combat
  2229 | D:4      | Reached XP level 7. HP: 70/70 MP: 6/6
  2274 | D:4      | Noticed sankara's ghost (novice HOFi)
  2293 | D:4      | Killed sankara's ghost
  2662 | D:4      | Reached skill level 5 in Dodging
  2662 | D:4      | Reached skill level 6 in Unarmed Combat
  2686 | D:4      | Found a bloodstained altar of Trog.
  2716 | D:4      | Reached skill level 5 in Fighting
  2824 | D:5      | Entered Level 5 of the Dungeon
  2905 | D:5      | Reached XP level 8. HP: 70/80 MP: 7/7
  3327 | D:5      | Found a glowing drain.
  3332 | Sewer    | Entered a sewer
  3446 | Sewer    | Found a white marble altar of Elyvilon.
  3654 | D:6      | Noticed Grinder
  3657 | D:6      | Paralysed by Grinder for 7 turns
  3667 | D:6      | Paralysed by Grinder for 6 turns
  3691 | D:6      | Killed Grinder
  3728 | D:6      | Reached skill level 7 in Unarmed Combat
  3780 | D:6      | Found a blossoming altar of Fedhas.
  4000 | D:6      | Noticed Blork the orc
  4010 | D:6      | Killed Blork the orc
  4141 | D:6      | Noticed Pikel
  4159 | D:6      | Killed Pikel
  4159 | D:6      | Reached XP level 9. HP: 44/92 MP: 3/8
  4729 | D:7      | Noticed Joseph
  4756 | D:7      | Killed Joseph
  4756 | D:7      | Reached skill level 8 in Unarmed Combat
  5310 | D:8      | Noticed a two-headed ogre
  5320 | D:8      | Killed a two-headed ogre
  5320 | D:8      | Reached XP level 10. HP: 69/102 MP: 6/9
  5397 | D:8      | Reached skill level 9 in Unarmed Combat
  5883 | D:8      | Got a flickering platinum ring
  5885 | D:8      | Identified the ring "Soweucai" {MR+ Int+6 SInv} (You took it off an orc on level 8 of the Dungeon)
  5918 | D:8      | Noticed a two-headed ogre
  5923 | D:8      | Killed a two-headed ogre
  6020 | D:8      | Found an ornate altar of the Wu Jian Council.
  6020 | D:8      | Found a sparkling altar of Nemelex Xobeh.
  6033 | D:8      | Found a stormy altar of Qazlal.
  6411 | D:9      | Found a roughly hewn altar of Beogh.
  6686 | D:9      | Found a basalt altar of Yredelemnul.
  6884 | D:9      | Found a bloodstained altar of Trog.
  7243 | D:10     | Entered Level 10 of the Dungeon
  7251 | D:10     | Noticed a gargoyle
  7261 | D:10     | Killed a gargoyle
  7261 | D:10     | Reached skill level 10 in Unarmed Combat
  7934 | D:11     | Noticed a two-headed ogre
  7938 | D:11     | Killed a two-headed ogre
  7938 | D:11     | Reached XP level 11. HP: 77/113 MP: 5/10
  8236 | D:11     | Noticed a purple ugly thing
  8340 | D:11     | Noticed a four-headed hydra
  8386 | D:10     | Killed a purple ugly thing
  8499 | D:10     | Slain by an eight-headed hydra

Vault maps used:
D:1:      giann_wishing_wells, nemelex_altar_shiori
D:2:      zin_purify, uniq_sigmund, uniq_natasha
D:4:      vehumet_crystals, minmay_temple_entry_from_below_a, trog_hazing_becter
D:5:      first_ration, portal_sewer_entry_e
D:6:      fedhas_altar_1, uniq_pikel, uniq_blork_the_orc, uniq_grinder
D:7:      uniq_joseph
D:8:      gammafunk_temple_overflow_forgotten
D:9:      yredelemnul_altar_generic, lemuel_doored_altar
D:11:     minmay_lair_entry_lava, david_orc_4
Sewer:    sewer_kobolds

Skill      XL: |  1  2  3  4  5  6  7  8  9 10 11 |
---------------+----------------------------------+-----
Dodging        | 3 4 5 6 7 8 9 |  9.0
Fighting       | 3 4 5 6 7 8 9 |  9.0
Unarmed Combat | 4 5 6 7 8 10 | 10.6
Stealth        | |  1.0

Action                   |  1- 3 |  4- 6 |  7- 9 | 10-12 || total
-------------------------+-------+-------+-------+-------++-------
Melee: Unarmed           |    66 |    94 |   328 |   379 ||   867
       Punch             |       |       |     4 |    19 ||    23
  Use: Scroll            |       |       |     1 |     9 ||    10
 Stab: Sleeping          |     6 |     1 |     6 |     1 ||    14
  Eat: Chunk             |    13 |    13 |    28 |    29 ||    83
Armor: Robe              |    21 |    19 |    70 |    77 ||   187
Dodge: Dodged            |    31 |    42 |   161 |   235 ||   469

Table legend:
 A = Spawn XP
 B = Non-spawn XP
 C = Spawn XP percentage of total XP
 D = Spawn monster count
 E = Non-spawn monster count
 F = Spawn count percentage of total count
 G = Total turns spent on level
                    A         B        C        D         E        F      G
               +---------+---------+-------+---------+---------+-------+---------
         Total |       0 |   13378 |   0.0 |       0 |     263 |   0.0 |  8499
               +---------+---------+-------+---------+---------+-------+---------
           D:1 |       0 |      35 |   0.0 |       0 |      20 |   0.0 |   743
           D:2 |       0 |     391 |   0.0 |       0 |      20 |   0.0 |   498
           D:3 |       0 |     111 |   0.0 |       0 |      14 |   0.0 |   824
           D:4 |       0 |     862 |   0.0 |       0 |      22 |   0.0 |   759
           D:5 |       0 |     213 |   0.0 |       0 |      10 |   0.0 |   680
           D:6 |       0 |    1662 |   0.0 |       0 |      18 |   0.0 |   871
           D:7 |       0 |    1311 |   0.0 |       0 |      25 |   0.0 |   829
           D:8 |       0 |    2668 |   0.0 |       0 |      29 |   0.0 |   965
           D:9 |       0 |    1664 |   0.0 |       0 |      60 |   0.0 |   911
          D:10 |       0 |    2296 |   0.0 |       0 |      18 |   0.0 |   818
          D:11 |       0 |    2037 |   0.0 |       0 |      16 |   0.0 |   438
         Sewer |       0 |     128 |   0.0 |       0 |      11 |   0.0 |   163
               +---------+---------+-------+---------+---------+-------+---------
